 Dungeon Crawl Stone Soup version 0.17-a0-157-g289cc6a (webtiles) character file.

99 Kisielow the Shield-Bearer (level 4, -4/40 HPs)
             Began as a Hill Orc Fighter on Mar 27, 2015.
             Slain by Ngotmuk's ghost (11 damage)
             ... on level 3 of the Dungeon.
             The game lasted 00:06:18 (1713 turns).

Kisielow the Shield-Bearer (Hill Orc Fighter)       Turns: 1713, Time: 00:06:18

Health: -4/40      AC: 10    Str: 24    XL:     4   Next: 72%
Magic:  4/4        EV:  6    Int:  8    God:
Gold:   111        SH: 10    Dex: 10    Spells: 0 memorised, 3 levels left

rFire  . . .     SeeInvis .     a - +0 war axe
rCold  . . .     Clarity  .     j - +0 chain mail
rNeg   . . .     SustAb   .     c - +0 shield
rPois  +         Gourm    .     (no helmet)
rElec  .         Spirit   .     (no cloak)
rCorr  .         Warding  .     (no gloves)
rMut   .         Stasis   .     r - +0 pair of boots
MR     .....                    (no amulet)
Stlth  ..........               n - ring of poison resistance
                                m - ring of wizardry

@: mighty, not resistant to hostile enchantments, extremely unstealthy
A: no striking features
a: no special abilities


You were on level 3 of the Dungeon.
You were not hungry.

You visited 1 branch of the dungeon, and saw 4 of its levels.

You collected 111 gold pieces.

Inventory:

Hand weapons
 a - a +0 war axe (weapon)
Armour
 c - a +0 shield (worn)
 j - a +0 chain mail (worn)
 r - a +0 pair of boots (worn)
Jewellery
 m - a ring of wizardry (left hand)
 n - a ring of poison resistance (right hand)
Scrolls
 f - a scroll of blinking {unknown}
 g - 3 scrolls of amnesia {unknown}
 i - 3 scrolls of remove curse {unknown}
 k - 2 scrolls of identify {unknown}
 l - 3 scrolls of random uselessness {unknown}
 q - a scroll of noise {unknown}
 s - a scroll of teleportation {unknown}
 t - a scroll of enchant weapon {unknown}
Comestibles
 b - a chunk of flesh
 d - 2 meat rations
 o - 2 bread rations


   Skills:
 * Level 4.0 Fighting
 * Level 3.4 Axes
 * Level 4.1 Armour
 * Level 4.5 Shields


You had 3 spell levels left.
You didn't know any spells.

Dungeon Overview and Level Annotations

Branches:
Dungeon (4/15)
 Temple: D:4-7

Altars:
Yredelemnul
The Shining One

Annotations:
D:3 Ngotmuk's ghost, average DsAK


Message History

It was a potion of agility.
You feel agile all of a sudden. Ngotmuk's ghost hits you!
* * * LOW HITPOINT WARNING * * *
Drink which item? (? for menu, Esc to quit)
It was a potion of cancellation.
Your magical effects are unravelling.
You feel magically purged.
You feel a little less agile now.
Ngotmuk's ghost hits you but does no damage.
Drink which item? (? for menu, Esc to quit)
It was a potion of curing.
You feel better. Ngotmuk's ghost hits you.
* * * LOW HITPOINT WARNING * * *
Drink which item? (? for menu, Esc to quit)
You feel very mighty all of a sudden. You block Ngotmuk's ghost's attack.
You hit Ngotmuk's ghost.
Ngotmuk's ghost is lightly damaged.
Ngotmuk's ghost hits you!
You die...

##########.......+.....
#................#.....
#................+.....
#................#....#
#.....>...........#####
#.....(.((.##.....# #
#..........##.....# #
#..........##.....# .
#....W@....##.....# .
#!....).....########
#.. #....!####### ##
#..... #..).. .... .. .


You could see Ngotmuk's ghost.

Vanquished Creatures
  4 adders (D:2)
  3 giant geckos
  A ball python (D:1)
  6 bats
  4 giant cockroaches
  7 goblins
  9 hobgoblins
  3 jackals (D:2)
  8 kobolds
  5 giant newts
  A quokka (D:2)
  6 rats
57 creatures vanquished.

Notes
Turn   | Place    | Note
--------------------------------------------------------------
     0 | D:1      | Kisielow, the Hill Orc Fighter, began the quest for the Orb.
     0 | D:1      | Reached XP level 1. HP: 19/19 MP: 1/1
    41 | D:1      | Reached XP level 2. HP: 5/27 MP: 2/2
   584 | D:1      | Reached XP level 3. HP: 31/33 MP: 3/3
   864 | D:2      | Reached skill level 4 in Fighting
  1046 | D:2      | Reached XP level 4. HP: 40/40 MP: 4/4
  1504 | D:2      | Found a glowing golden altar of the Shining One.
  1506 | D:2      | Noticed an angel
  1523 | D:2      | Found a basalt altar of Yredelemnul.
  1524 | D:2      | Noticed a profane servitor
  1696 | D:3      | Noticed Ngotmuk's ghost (average DsAK)
  1709 | D:3      | HP: 1/40 [Ngotmuk's ghost (11)]
  1713 | D:3      | Slain by Ngotmuk's ghost

Action                   |  1- 3 |  4- 6 || total
-------------------------+-------+-------++-------
Melee: War axe           |   121 |    77 ||   198
  Use: Potion            |       |     4 ||     4
  Eat: Chunk             |     1 |     2 ||     3
